 Dungeon Crawl Stone Soup version 0.29.1-2-gbd0b4ee654 (webtiles) character file.

Game seed: 10816663617670482117

1542 BlackCrag the Thaumaturge (level 8, -9/41 HPs)
             Began as a Deep Elf Air Elementalist on Oct 29, 2022.
             Mangled by a gargoyle
             ... wielding a +0 morningstar
              (15 damage)
             ... on level 7 of the Dungeon.
             The game lasted 00:40:56 (7756 turns).

BlackCrag the Thaumaturge (DEAE)                    Turns: 7756, Time: 00:40:57

Health: -9/41      AC:  8    Str:  5    XL:     8   Next: 56%
Magic:  19/31      EV: 13    Int: 23    God:
Gold:   78         SH:  0    Dex: 15    Spells: 13/24 levels left

rFire   . . .      SeeInvis .   k - +1 dagger (speed)
rCold   . . .      Faith    .   (no shield)
rNeg    . . .      Spirit   .   a - +0 robe
rPois   .          Reflect  .   B - +0 hat
rElec   .          Harm     .   (no cloak)
rCorr   .          Rampage  .   C - +0 pair of gloves
Will    .....                   A - +0 pair of boots
Stlth   ++........              (no amulet)
HPRegen 0.13/turn               y - +4 ring of protection
MPRegen 0.22/turn               r - ring of magical power

@: swift, very quick
A: no striking features
a: no special abilities


You were on level 7 of the Dungeon.
You visited 1 branch of the dungeon, and saw 7 of its levels.

You collected 213 gold pieces.
You spent 135 gold pieces at shops.

Inventory:

Hand Weapons
 k - a +1 dagger of speed (weapon)
Missiles
 x - a throwing net
Armour
 a - a +0 robe (worn)
 A - a +0 pair of boots (worn)
 B - a +0 hat (worn)
 C - a +0 pair of gloves (worn)
Magical Staves
 v - a staff of fire
Jewellery
 c - a ring of flight
 p - a ring of willpower
 r - a ring of magical power (right hand)
 t - a ring of ice
 y - a +4 ring of protection (left hand)
Wands
 n - a wand of digging (2)
 o - a wand of flame (25)
Scrolls
 f - 5 scrolls of poison
 l - a scroll of teleportation
 q - a scroll of amnesia {unknown}
 s - a scroll of blinking {unknown}
 z - 4 scrolls of enchant armour {unknown}
 D - 2 scrolls of fog {unknown}
 F - a scroll of immolation {unknown}
 G - a scroll of identify
Potions
 b - 2 potions of magic
 d - 2 potions of curing
 e - 2 potions of attraction {unknown}
 g - a potion of experience
 h - 3 potions of cancellation
 i - 3 potions of resistance
 j - 2 potions of heal wounds {unknown}
 m - 2 potions of haste {unknown}
 u - a potion of flight {unknown}
 w - a potion of ambrosia
 E - a potion of might {unknown}


   Skills:
 + Level 3.0 Dodging
 + Level 3.2 Stealth
 + Level 8.9 Spellcasting
 + Level 4.2 Conjurations
 * Level 8.0 Air Magic


You had 13 spell levels left.
You knew the following spells:

 Your Spells              Type           Power      Damage    Failure   Level
a - Shock                 Conj/Air       100%       1d9       1%          1
b - Static Discharge      Conj/Air       38%        3-8/arc   1%          2
c - Swiftness             Air            47%        N/A       1%          3
d - Airstrike             Air            23%        2d(4-20)  2%          4
e - Summon Small Mammal   Summ           40%        N/A       6%          1

Your spell library contained the following spells:

 Spells                   Type           Power      Damage    Failure   Level
 Apportation              Tloc           20%        N/A       6%          1
 Necrotise                Necr           40%        1d6       6%          1
 Sublimation of Blood     Necr           10%        N/A       10%         2
 Wereblood                Tmut           10%        N/A       10%         2
 Vampiric Draining        Necr           10%        2d6       19%         3
 Agony                    Necr           10%        N/A       87%         5
 Summon Hydra             Summ           5%         N/A       100%        7


Dungeon Overview and Level Annotations

Branches:
Dungeon (7/15)
 Temple: D:4-7

Altars:

Shops:
D:3 *   D:5 =(!

Annotations:
D:5 rings&potions


Message History

Press: ? - help, Dir - move target, f - gargoyle
Aim: a gargoyle, wielding a +0 morningstar (empty space bonus: 6/8)
The air twists around and strikes the gargoyle.
The gargoyle is moderately damaged.
The gargoyle hurls a stone arrow at you.
The stone arrow misses you.
Casting: Airstrike (dangerous; 2% risk of failure)
Confirm with . or Enter, or press ? or * to list all spells.
Aiming: Airstrike (dangerous; 2% risk of failure)
Press: ? - help, Dir - move target, f/p - gargoyle
Aim: a gargoyle, wielding a +0 morningstar (moderately damaged, empty space bonus: 8/8)
The air twists around and strikes the gargoyle!
The gargoyle is heavily damaged.
You start to feel a little slower.
You feel sluggish.
The gargoyle hurls a stone arrow at you.
The stone arrow misses you.
You start to feel a little faster.
Okay, then.
Casting: Airstrike (dangerous; 2% risk of failure)
Confirm with . or Enter, or press ? or * to list all spells.
A blue arc grounds itself harmlessly.
The gargoyle barely misses you.
Casting: Static Discharge (safe; 1% risk of failure)
Confirm with . or Enter, or press ? or * to list all spells.
The gargoyle hits you with a +0 morningstar!!
Ouch! That really hurt!
The gargoyle attacks as you move away!
The gargoyle hits you with a +0 morningstar!
* * * LOW HITPOINT WARNING * * *
Your bat barely misses the gargoyle.
Your bat hits the gargoyle but does no damage.
Your magical effects are unravelling.
You feel magically purged.
You no longer feel sluggish.
The gargoyle barely misses you.
Casting: Summon Small Mammal (safe; 6% risk of failure)
Confirm with . or Enter, or press ? or * to list all spells.
You feel quick.
Your bat closely misses the gargoyle.
The gargoyle hits you with a +0 morningstar!
You die...

............## #.#
......#8#.#..# ###.#
.....+###.##.#
####...# #+.+##
..##9# #....#.# ##
#.###.# #....#.# ..
#.###....#.# .##
#....b...#.#
#############9...#.#
#...........#@...#.#
#........#.......#.#
#........#..#....#
#..............###
#....)........##
#.####'#......# #
#).#......#
##)#########
+######..#


You could see a gargoyle (ally target) and a friendly bat (summoned).

Vanquished Creatures
  A water moccasin (D:7)
  An orc warrior (D:6)
  2 ice beasts (D:6)
  A black bear (D:5)
  A centaur (D:7)
  The ghost of Ivernyr the Shield-Bearer, an amateur VSFi (D:3)
  A bullfrog (D:7)
  A gnoll sergeant (D:7)
  3 scorpions
  A howler monkey (D:5)
  3 hounds
  2 orc priests (D:6)
  A gnoll bouda (D:4)
  An iguana (D:5)
  An orc wizard (D:6)
  Robin (D:2)
  11 gnolls
  9 adders
  A white imp (D:5)
  2 ufetubi
  2 worms
  3 dart slugs
  22 orcs
  7 bats
  8 endoplasms
  3 giant cockroaches
  15 goblins
  10 hobgoblins
  3 jackals (D:3)
  5 quokkas
  5 ball pythons
  2 frilled lizards
  8 kobolds
  7 rats
145 creatures vanquished.

Notes
Turn   | Place    | Note
-------+----------+-------------------------------------------
     0 | D:1      | BlackCrag the Deep Elf Air Elementalist began the quest for
                  | the Orb.
     0 | D:1      | Reached XP level 1. HP: 10/10 MP: 6/6
   146 | D:1      | Reached XP level 2. HP: 5/15 MP: 0/8
   219 | D:1      | Learned a level 2 spell: Static Discharge
  1560 | D:2      | Noticed Robin
  1610 | D:2      | Reached XP level 3. HP: 19/19 MP: 3/9
  1690 | D:1      | Learned a level 3 spell: Swiftness
  2050 | D:2      | Killed Robin
  2051 | D:2      | Reached XP level 4. HP: 19/24 MP: 3/11
  2139 | D:2      | Learned a level 4 spell: Airstrike
  2814 | D:3      | Found Repol's Assorted Antiques.
  3147 | D:3      | Found a runed translucent gate.
  3147 | D:3      | Noticed Ivernyr's ghost (amateur VSFi)
  3148 | D:3      | Found a runed translucent gate.
  3149 | D:3      | Found a runed translucent gate.
  3649 | D:4      | Reached XP level 5. HP: 9/28 MP: 13/13
  4223 | D:4      | Reached skill level 5 in Spellcasting
  4271 | D:4      | Reached XP level 6. HP: 32/32 MP: 14/15
  4729 | D:3      | Bought a ruby ring for 135 gold pieces
  4812 | D:3      | Killed Ivernyr's ghost
  4813 | D:3      | Reached skill level 5 in Air Magic
  5128 | D:5      | Entered Level 5 of the Dungeon
  5387 | D:5      | Found Mourr's Antique Weapon Boutique.
  5405 | D:5      | Found Ofiff's Distillery.
  5532 | D:5      | Reached XP level 7. HP: 36/36 MP: 18/18
  5599 | D:5      | Learned a level 1 spell: Summon Small Mammal
  6061 | D:5      | Found Eshro Osi's Jewellery Shop.
  7014 | D:6      | Reached XP level 8. HP: 41/41 MP: 20/21
  7733 | D:7      | Noticed a gargoyle
  7756 | D:7      | Mangled by a gargoyle

Illustrated notes

Levels and vault maps discovered:
D:1:      spicycebolla_arrival_ecumenical, layout_loops_cross
D:2:      layout_basic, uniq_robin
D:3:      layout_rooms, biasface_ghost_orc_armoury, serial_shops, shop
D:4:      layout_basic
D:5:      layout_layer_cave, serial_shops, nicolae_shop_behind_doors,
          nicolae_shop_behind_doors, nicolae_inconvenience_store
D:6:      layout_rooms
D:7:      cheibrodos_statue_roulette, layout_basic, temple_green

Skill      XL: |  1  2  3  4  5  6  7  8 |
---------------+-------------------------+-----
Conjurations   | 2 3 4 |  4.2
Dodging        | 3 |  3.0
Spellcasting   | 4 5 6 7 8 |  8.9
Air Magic      | 4 5 7 8 |  8.0
Stealth        | 3 |  3.2

Action                   |  1- 3 |  4- 6 |  7- 9 || total
-------------------------+-------+-------+-------++-------
 Cast: Shock             |    69 |    93 |    50 ||   212
       Static Discharge  |    10 |    17 |     5 ||    32
       Airstrike         |       |    14 |    23 ||    37
       Swiftness         |       |     1 |     3 ||     4
       Summon Small Mamm |       |       |     2 ||     2
Evoke: Wand              |       |     1 |       ||     1
  Use: Scroll            |     1 |     4 |     5 ||    10
       Potion            |       |       |     1 ||     1
Armor: Robe              |     2 |     1 |     2 ||     5
Dodge: Dodged            |    12 |     7 |     7 ||    26
